Map: Pendiente de Agustín EE

Players

Skinny

  • Race: Protoss Protoss
  • Spawn Location: 12:00

Jeri

  • Race: Terran Terran
  • Spawn Location: 11:00

DarkLord

  • Race: Terran Terran
  • Spawn Location: 12:00

MrFercho - Winner!

  • Race: Zerg Zerg
  • League: Silver
  • Spawn Location: 6:00

tigro - Winner!

  • Race: Terran Terran
  • League: Bronze
  • Spawn Location: 5:00

TATORREA - Winner!

  • Race: Protoss Protoss
  • League: Silver
  • Spawn Location: 6:00

VOD

Have the link to the VOD?

Description

Time

  • Played on: May 28, 2020, 9:39 p.m.
  • Length: 21:32
Show
View Real Time Build Order
Export as new Build Order

Skinny Protoss 

Build Orders: Carriers 

Get SALT Encoding   

  12  0:04  Probe  
  13  0:18  Pylon  
  13  0:20  Probe  
  14  0:44  Gateway  
  14  0:47  Gateway  
  14  0:53  Assimilator  
  14  1:00  Probe  
  15  1:13  Probe  
  16  1:23  Pylon  
  16  1:34  Cybernetics Core  
  16  1:45  Forge  
  16  1:48  Probe  
  16  1:53  Zealot x2  
  21  2:15  Warp Gate  
  21  2:27  Probe  
  22  2:32  Zealot x2  
  26  2:42  Gateway  
  26  2:51  Nexus  
  26  2:57  Pylon  
  26  3:04  Probe  
  27  3:09  Assimilator  
  27  3:33  Zealot x3  
  33  3:51  Protoss Shields Level 1  
  33  4:00  Probe  
  34  4:05  Probe  
  35  4:13  Probe  
  36  4:21  Zealot  
  36  4:23  Zealot  
  40  4:24  Zealot  
  42  4:37  Pylon  
  42  4:43  Protoss Air Armor Level 1  
  42  4:47  Probe  
  43  4:56  Pylon  
  43  5:03  Twilight Council  
  43  5:11  Zealot  
  43  5:12  Zealot  
  47  5:14  Zealot  
  49  5:40  Charge  
  23  8:02  Assimilator  
  23  8:08  Stargate  
  23  8:14  Stargate  
  23  8:20  Assimilator  
  23  8:22  Probe  
  24  8:41  Probe  
  24  8:44  Protoss Ground Weapons Level 1  
  25  8:53  Zealot  
  27  8:56  Zealot  
  27  8:58  Zealot  
  31  9:03  Protoss Air Weapons Level 1  
  31  9:11  Pylon  
  31  9:17  Zealot  
  31  9:18  Zealot  
  31  9:20  Zealot  
  37  9:33  Fleet Beacon  
  37  9:36  Probe  
  38  9:52  Pylon  
  38  9:58  Photon Cannon  
  38  10:08  Gateway  
  38  10:15  Zealot  
  38  10:16  Zealot  
  38  10:18  Stalker  
  44  10:30  Probe  
  45  10:36  Carrier x2  
  57  10:47  Zealot  
  57  10:49  Zealot  
  61  10:50  Zealot  
  63  11:00  Nexus  
  63  11:03  Zealot  
  65  11:17  Protoss Shields Level 2  
  65  11:26  Pylon  
  65  11:30  Assimilator  
  65  11:37  Pylon  
  65  11:51  Carrier  
  56  12:32  Stalker  
  56  12:34  Stalker  
  60  12:37  Stalker  
  31  13:47  Probe  
  32  13:59  Pylon, Probe  
  33  14:06  Pylon  
  33  14:14  Cybernetics Core  
  33  14:30  Probe  
  33  14:31  Cybernetics Core  
  46  15:00  Stargate  
  46  15:06  Stargate  
  46  15:09  Probe  
  35  15:42  Carrier  
  35  15:46  Carrier  
  35  15:56  Pylon  
  35  16:02  Pylon  
  35  16:17  Stalker  
  37  16:19  Stalker  
  37  16:20  Stalker  
  37  16:21  Sentry  
  43  16:26  Carrier  
  50  16:32  Probe  
  50  16:36  Probe  
  51  16:48  Probe  
  52  17:00  Probe  
  3  18:59  Stalker  
  3  19:01  Stalker  
  7  19:03  Stalker  
  7  19:05  Stalker  
  7  19:06  Probe  
  12  19:18  Probe  
  12  19:21  Nexus  
  13  19:31  Probe  
  8  19:39  Stalker  
  8  19:41  Stalker  
  8  19:42  Stalker  
  8  19:43  Probe  
  9  19:55  Probe  
Show
View Real Time Build Order
Export as new Build Order

Jeri Terran 

Build Orders:  

Get SALT Encoding   

  12  0:09  Supply Depot  
  12  0:21  SCV  
  13  0:34  Barracks  
  13  0:38  Refinery  
  13  0:42  SCV  
  14  0:49  Refinery  
  14  0:54  SCV  
  15  1:08  SCV  
  15  1:09  Supply Depot  
  16  1:20  SCV  
  18  1:32  SCV  
  18  1:34  Supply Depot  
  18  1:40  Barracks Reactor  
  18  1:44  SCV  
  19  1:57  Engineering Bay, SCV  
  20  2:09  Barracks  
  20  2:14  Orbital Command  
  20  2:33  Marine  
  20  2:34  Marine  
  22  2:51  Marine x2  
  22  2:52  SCV  
  25  3:04  SCV  
  26  3:09  Marine  
  26  3:12  Factory  
  27  3:15  Barracks Tech Lab  
  27  3:17  Marine  
  28  3:27  Marine  
  29  3:35  Stimpack, Marine  
  30  4:00  Command Center  
  30  4:03  Factory Tech Lab  
  30  4:15  Sensor Tower  
  30  4:30  Siege Tank  
  33  4:43  Starport  
  33  5:03  Armory  
  33  5:14  Concussive Shells  
  33  5:16  SCV  
  33  5:17  Refinery  
  34  5:29  SCV  
  35  5:41  SCV  
  36  5:53  SCV  
  37  5:57  Combat Shield, Marine x3  
  37  5:59  Starport Tech Lab  
  40  6:05  SCV  
  41  6:15  Marine x2  
  41  6:17  SCV  
  41  6:29  SCV  
  41  6:30  Marine  
  41  6:33  Marine x2  
  43  6:41  SCV  
  44  6:48  Marine  
  44  6:51  Marine x2  
  47  6:56  Siege Tank  
  50  7:06  Marine  
  51  7:08  Marine  
  51  7:09  Marine  
  53  7:23  Marine  
  53  7:26  Marine x2  
  55  7:41  Marine  
  56  7:44  Marine  
  41  8:09  Marine x3  
  41  8:12  Siege Tank  
  47  8:22  Fusion Core  
  47  8:26  Starport  
  47  8:27  Marine x3  
  50  8:45  Marine x2  
  52  9:05  Mag-Field Accelerator  
  52  9:08  Command Center, Refinery  
  49  9:15  Missile Turret x2  
  49  9:16  Command Center  
  49  9:17  Missile Turret  
  49  9:19  Missile Turret  
  49  9:24  Missile Turret  
  46  9:28  Refinery  
  46  9:29  Starport Tech Lab  
  46  9:34  SCV  
  45  9:39  Refinery  
  45  9:46  SCV  
  46  10:26  Orbital Command  
  46  10:30  Battlecruiser x2  
  46  10:33  Sensor Tower  
  58  10:42  Starport  
  58  10:45  Starport  
  58  10:51  Starport  
  58  10:56  SCV  
  59  11:04  Refinery  
  59  11:08  SCV  
  59  11:09  SCV  
  61  11:20  SCV  
  61  11:21  SCV  
  63  11:32  SCV  
  63  11:33  SCV  
  63  11:34  Battlecruiser  
  71  11:40  Starport Tech Lab x2  
  71  11:45  SCV x2  
  73  11:59  Banshee  
  72  12:08  Starport Tech Lab  
  71  12:21  Marine x3  
  74  12:24  Thor  
  80  12:39  Marine x3  
  69  12:57  Marine x3  
  72  13:07  Thor, Battlecruiser x2  
  90  13:14  Marine, SCV  
  90  13:15  Marine  
  93  14:04  Supply Depot, Command Center  
  93  14:05  Supply Depot  
  93  14:06  Supply Depot  
  93  14:09  Supply Depot  
  93  14:25  Marine  
  93  14:26  Marine x2, Battlecruiser, SCV  
  93  14:27  Weapon Refit  
  103  14:38  SCV  
  104  14:43  Marine  
  104  14:44  Marine x2  
  107  14:50  SCV  
  108  15:01  Marine  
  108  15:02  Marine x2, SCV  
  112  15:14  SCV  
  112  15:19  Marine  
  112  15:20  Marine x2  
  116  15:26  Command Center, SCV  
  105  15:37  Marine  
  105  15:38  Marine  
  69  16:03  Battlecruiser x3  
  87  16:21  Marine  
  87  16:22  Marine x2  
  90  16:29  Orbital Command  
  90  16:39  Marine x3  
  91  16:43  SCV  
  94  16:47  SCV  
  95  16:55  SCV  
  95  16:59  SCV  
  96  17:07  SCV  
  97  17:09  Battlecruiser  
  97  17:10  Battlecruiser  
  97  17:11  SCV  
  110  17:19  SCV  
  111  17:23  SCV  
  111  17:29  Refinery  
  104  17:31  Battlecruiser  
  104  17:36  SCV  
  105  17:48  SCV  
  97  18:41  Battlecruiser x5  
  87  19:56  Starport Tech Lab  
Show
View Real Time Build Order
Export as new Build Order

DarkLord Terran 

Build Orders:  

Get SALT Encoding   

  12  0:03  SCV  
  13  0:15  SCV  
  14  0:30  Supply Depot  
  14  0:35  SCV  
  15  0:42  Refinery  
  15  0:58  SCV  
  16  1:07  Barracks  
  16  1:10  SCV  
  17  1:20  Refinery  
  17  1:24  SCV  
  18  1:48  SCV  
  19  1:59  Supply Depot  
  19  2:02  Marine  
  20  2:20  Marine  
  20  2:22  Factory  
  21  2:38  Marine  
  22  2:53  Supply Depot  
  22  2:56  Marine  
  23  3:13  Marine  
  23  3:18  Command Center  
  24  3:27  Starport  
  24  3:29  Factory Tech Lab  
  24  3:35  Marine  
  25  3:45  Supply Depot  
  25  3:53  Marine  
  26  4:01  Siege Tank  
  29  4:15  Starport  
  29  4:19  Starport Tech Lab  
  29  4:25  Supply Depot  
  29  4:29  Marine  
  30  4:33  Siege Tank  
  33  4:40  SCV  
  34  4:47  Marine  
  36  4:52  SCV  
  36  4:55  Supply Depot  
  36  5:05  Marine, SCV  
  36  5:06  Starport  
  38  5:39  Starport Tech Lab  
  38  5:53  Starport Tech Lab  
  38  6:08  Refinery  
  25  7:48  Fusion Core  
  23  8:16  Marine  
  24  8:22  Siege Tank  
  27  8:33  Marine, SCV  
  29  8:43  Refinery  
  29  8:45  SCV  
  29  8:47  Battlecruiser  
  36  8:51  Marine  
  36  8:54  Siege Tank  
  40  9:07  SCV  
  40  9:09  Marine  
  42  9:19  SCV  
  43  9:27  Siege Tank  
  43  9:30  Battlecruiser  
  52  9:51  Battlecruiser  
  58  9:59  Siege Tank  
  61  10:29  Battlecruiser  
  67  10:38  Weapon Refit  
  67  10:56  Command Center  
  67  11:37  Marine  
  68  11:46  Orbital Command  
  68  11:49  Orbital Command  
  68  11:55  Marine  
  68  12:01  Battlecruiser  
  81  12:08  Battlecruiser  
  81  12:13  Marine, SCV  
  83  12:25  SCV  
  84  12:31  Marine  
  85  12:38  SCV  
  86  12:48  Marine  
  86  12:50  SCV  
  81  13:53  Battlecruiser  
  81  13:55  Battlecruiser  
  93  14:03  Orbital Command  
  93  14:17  Supply Depot  
  93  14:39  Marine, Battlecruiser  
  100  14:48  Supply Depot  
  100  14:56  Marine  
  101  15:14  Marine  
  102  15:32  Marine  
  99  15:50  Marine  
  68  16:47  Battlecruiser  
  68  16:49  Battlecruiser  
  68  16:51  Battlecruiser  
  86  16:55  Marine  
  87  17:09  Siege Tank  
  87  17:12  Marine  
  90  17:30  Marine  
  79  17:41  Siege Tank  
  75  17:48  Marine  
  76  18:06  Marine  
  76  18:13  Siege Tank  
  41  19:54  Marine  
  32  20:07  Viking  
  32  20:12  Marine  
  18  20:29  Marine  
  19  20:47  Marine  
Show
View Real Time Build Order
Export as new Build Order

MrFercho Zerg - Winner!

Build Orders: 3 Hatch before Pool 

Get SALT Encoding   

  12  0:01  Drone  
  13  0:10  Drone  
  14  0:38  Hatchery  
  13  0:50  Drone  
  14  1:11  Hatchery  
  13  1:18  Overlord  
  13  1:20  Overlord  
  13  1:32  Drone  
  14  1:37  Drone  
  15  1:48  Spawning Pool  
  14  1:57  Drone  
  14  1:58  Drone x2  
  17  2:02  Extractor  
  17  2:05  Extractor  
  16  2:08  Drone x2  
  17  2:16  Drone x2  
  19  2:26  Drone x2  
  19  2:28  Drone  
  22  2:42  Drone x2  
  22  2:44  Drone  
  25  2:45  Drone x2  
  27  2:53  Queen  
  29  3:11  Drone x4  
  33  3:13  Queen  
  33  3:16  Drone  
  33  3:17  Drone  
  37  3:31  Lair  
  37  3:43  Drone x3  
  37  3:44  Drone x2  
  42  3:53  Overlord x2  
  42  3:54  Overlord  
  42  4:10  Hatchery  
  42  4:14  Pneumatized Carapace  
  41  4:18  Burrow  
  41  4:25  Drone  
  41  4:26  Drone x5  
  47  4:33  Drone x3  
  50  4:42  Extractor  
  50  4:43  Extractor  
  48  4:57  Hatchery  
  47  5:03  Hydralisk Den  
  47  5:05  Spire  
  45  5:17  Drone x3  
  48  5:38  Infestation Pit  
  48  5:40  Grooved Spines, Evolution Chamber  
  46  5:45  Drone x2  
  46  5:46  Hatchery, Drone x4  
  51  5:52  Overlord  
  51  6:19  Zerg Ground Armor Level 1  
  51  6:20  Mutalisk  
  51  6:21  Mutalisk  
  55  6:30  Drone x2  
  57  6:34  Drone x3  
  60  6:40  Drone  
  61  6:49  Hive  
  61  6:53  Hydralisk x2  
  61  6:54  Hydralisk x3  
  71  7:12  Zergling x8  
  71  7:13  Zergling x10  
  64  8:08  Mutalisk  
  64  8:09  Mutalisk x7  
  80  8:20  Drone x3  
  83  8:27  Extractor  
  83  8:28  Extractor  
  81  8:37  Overlord x4  
  81  8:40  Hatchery  
  80  8:44  Zerg Flyer Weapons Level 1  
  80  8:48  Metabolic Boost  
  80  8:56  Zerg Missile Weapons Level 1  
  80  9:01  Queen  
  82  9:14  Mutalisk  
  82  9:15  Mutalisk  
  86  9:29  Drone x6  
  86  9:31  Queen  
  94  9:43  Mutalisk x5  
  104  10:07  Adrenal Glands, Mutalisk x4  
  104  10:08  Mutalisk  
  114  10:17  Drone x3  
  117  10:26  Drone x3  
  120  10:40  Extractor  
  119  10:43  Extractor  
  119  10:48  Mutalisk  
  119  10:49  Mutalisk x5  
  130  11:24  Overlord x3  
  130  11:44  Zerg Flyer Weapons Level 2  
  130  11:48  Zerg Ground Armor Level 2  
  114  12:47  Mutalisk x9  
  114  12:48  Mutalisk x6  
  112  13:46  Hydralisk x2  
  112  13:47  Hydralisk x10  
  132  14:00  Zerg Flyer Armor Level 1  
  132  14:02  Mutalisk x7  
  134  14:03  Mutalisk  
  134  14:04  Zerg Missile Weapons Level 2  
  148  14:24  Nydus Network  
  148  14:28  Lurker Den  
  146  14:32  Ultralisk Cavern  
  145  14:48  Muscular Augments  
  145  15:01  Evolution Chamber  
  145  15:03  Evolution Chamber  
  103  16:08  Mutalisk x5  
  103  16:09  Mutalisk x19  
  115  16:38  Ultralisk  
  115  16:39  Ultralisk x2  
  123  18:05  Hydralisk  
  123  18:06  Hydralisk x14  
  111  19:20  Mutalisk x2  
  111  19:21  Mutalisk x18  
  107  20:20  Zergling x2  
  107  20:21  Zergling x22  
  119  20:23  Zergling x6  
  119  20:24  Zergling x12  
Show
View Real Time Build Order
Export as new Build Order

tigro Terran - Winner!

Build Orders:  

Get SALT Encoding   

  12  0:02  SCV  
  13  0:14  SCV  
  13  0:21  Supply Depot  
  14  0:26  SCV  
  15  0:32  Refinery  
  16  0:42  SCV  
  16  0:57  Barracks  
  16  1:03  SCV  
  17  1:12  Refinery  
  17  1:15  SCV  
  18  1:20  Supply Depot  
  18  1:27  SCV  
  19  1:39  SCV  
  20  1:47  Marine  
  20  1:51  SCV  
  22  2:05  Marine  
  22  2:07  Barracks  
  23  2:23  Marine  
  23  2:29  SCV  
  25  2:37  Engineering Bay  
  25  2:41  Marine, SCV  
  27  2:53  SCV  
  27  2:57  Barracks Tech Lab  
  28  2:58  Marine  
  29  3:10  Factory  
  29  3:15  Orbital Command  
  29  3:18  Barracks Tech Lab  
  29  3:20  Stimpack  
  29  3:22  Marine  
  30  3:36  Combat Shield  
  30  3:39  Terran Infantry Weapons Level 1  
  30  3:40  Marine  
  31  3:48  Marine  
  32  3:58  Marine  
  33  4:06  Marine  
  34  4:16  Marine  
  35  4:18  Command Center, Factory Tech Lab  
  35  4:23  Marine  
  36  4:29  Starport  
  36  4:34  Marine  
  37  4:41  Marine  
  38  4:48  Siege Tank  
  41  5:00  Concussive Shells  
  41  5:09  Medivac  
  43  5:34  Armory, Terran Infantry Armor Level 1  
  43  5:43  Refinery  
  28  6:27  Missile Turret  
  28  6:31  Planetary Fortress  
  24  6:34  Marine  
  24  6:37  Marine  
  26  6:45  Starport Tech Lab  
  26  6:49  Terran Vehicle Weapons Level 1  
  26  6:52  Marine  
  27  6:55  Marine  
  28  7:09  Medivac  
  28  7:10  Marine  
  28  7:12  Hellion, Marine  
  34  7:25  SCV  
  34  7:28  Marine, Neosteel Armor  
  36  7:30  Marine  
  36  7:33  Hellion  
  39  7:38  SCV  
  40  7:45  Marine  
  40  7:48  Marine  
  40  7:50  SCV  
  43  7:55  Hellion  
  45  8:02  SCV  
  46  8:14  SCV  
  46  8:16  Hellion  
  49  8:25  Refinery  
  49  8:26  SCV  
  50  8:38  Hellion, SCV  
  53  8:46  Fusion Core  
  53  8:48  Marine  
  54  8:50  Marine, SCV  
  56  9:02  SCV  
  57  9:06  Marine  
  57  9:08  Marine, Hi-Sec Auto Tracking  
  59  9:23  Marine  
  60  9:26  Marine  
  61  9:40  Starport  
  61  9:41  Marine  
  62  9:50  Drilling Claws  
  62  9:56  Terran Vehicle Weapons Level 2  
  62  10:00  Weapon Refit  
  62  10:04  Terran Infantry Weapons Level 2  
  62  10:23  Supply Depot, Starport Tech Lab  
  62  10:44  Thor, Marine x2, Refinery  
  62  10:46  Supply Depot  
  70  11:05  Cloaking Field  
  70  11:07  Marine, Battlecruiser  
  70  11:08  Smart Servos  
  70  11:09  Supply Depot  
  77  11:31  Supply Depot  
  77  11:37  Command Center  
  77  11:40  Rapid Reignition System  
  77  12:12  Terran Vehicle And Ship Armor Level 1  
  77  12:20  Terran Infantry Armor Level 2  
  77  12:27  Mag-Field Accelerator  
  77  12:36  Advanced Ballistics  
  33  13:11  Battlecruiser  
  39  13:17  Battlecruiser  
  45  13:20  Marine  
  45  13:23  Marine  
  47  13:38  Marine  
  48  13:41  Refinery  
  48  13:56  Marine  
  49  14:03  Marine  
  49  14:07  Terran Ship Weapons Level 1, Infernal Pre-Igniter  
  50  14:14  Marine  
  50  14:16  Battlecruiser  
  57  14:21  Marine, Battlecruiser  
  64  14:26  Thor  
  70  14:31  Marine  
  71  14:39  Marine  
  71  14:40  Corvid Reactor  
  72  14:49  Marine  
  73  14:57  Marine  
  74  15:07  Marine  
  74  15:09  Siege Tank  
  78  15:15  Marine  
  78  15:19  Medivac  
  81  15:25  Medivac  
  83  15:41  Siege Tank  
  92  15:50  Battlecruiser  
  92  16:14  Battlecruiser  
  98  16:31  Marine  
  99  16:44  Siege Tank  
  102  16:49  Marine  
  109  16:54  Battlecruiser  
  109  17:17  Marine  
  108  17:30  Battlecruiser  
  108  17:35  Marine  
  68  17:53  Marine  
  45  20:04  Battlecruiser  
  45  20:07  Medivac  
  53  20:14  Marine  
  54  20:17  Marine  
  55  20:31  Marine  
  55  20:34  Marine  
  63  20:49  Marine  
  64  20:52  Marine  
  65  21:07  Marine  
  65  21:10  Marine  
Show
View Real Time Build Order
Export as new Build Order

TATORREA Protoss - Winner!

Build Orders:  

Get SALT Encoding   

  12  0:03  Probe  
  13  0:24  Probe  
  14  0:35  Pylon  
  14  0:37  Probe  
  15  0:51  Assimilator  
  15  0:53  Probe  
  16  1:11  Probe  
  17  1:12  Gateway  
  17  1:15  Gateway  
  17  1:23  Probe  
  18  1:27  Pylon  
  18  1:34  Assimilator  
  18  1:35  Probe  
  19  1:47  Probe  
  20  2:00  Probe  
  21  2:09  Gateway  
  21  2:12  Gateway, Probe  
  21  2:14  Forge  
  22  2:23  Pylon  
  22  2:24  Probe  
  22  2:28  Zealot  
  25  2:34  Zealot  
  27  2:58  Protoss Ground Weapons Level 1  
  27  3:01  Cybernetics Core  
  27  3:05  Pylon  
  27  3:08  Zealot  
  27  3:10  Zealot  
  31  3:19  Zealot  
  33  3:23  Zealot  
  35  3:42  Twilight Council  
  35  3:48  Warp Gate  
  35  4:08  Probe  
  36  4:15  Nexus  
  36  4:16  Charge (Chrono Boost)  
  36  4:24  Probe  
  37  4:36  Probe  
  37  4:37  Zealot x2  
  42  4:41  Zealot  
  44  4:49  Zealot  
  44  4:50  Probe  
  47  5:19  Pylon  
  47  5:22  Pylon  
  47  5:27  Probe  
  48  5:30  Pylon  
  48  5:33  Pylon  
  48  5:39  Probe  
  48  5:40  Protoss Ground Weapons Level 2  
  49  5:44  Probe  
  50  5:51  Probe  
  50  5:56  Probe  
  52  6:03  Probe  
  53  6:08  Probe  
  34  6:27  Stalker x3  
  34  6:28  Stalker  
  34  6:32  Probe x2  
  44  6:38  Assimilator  
  44  6:41  Assimilator  
  44  6:44  Probe x2  
  46  6:53  Stargate  
  46  6:56  Stargate  
  46  6:58  Robotics Facility  
  46  7:00  Robotics Facility  
  46  7:03  Dark Shrine  
  38  7:11  Zealot  
  38  7:12  Zealot x3  
  21  7:33  Zealot x2  
  21  8:04  Probe  
  21  8:05  Probe  
  23  8:17  Probe x2  
  25  8:29  Probe x2  
  25  8:32  Pylon  
  25  8:33  Pylon x2  
  27  8:39  Pylon  
  27  8:41  Probe  
  28  8:44  Zealot x2  
  32  8:49  Protoss Ground Weapons Level 3  
  32  8:53  Probe  
  33  8:58  Probe  
  34  9:15  Zealot  
  36  9:18  Probe x2  
  36  9:23  Assimilator  
  38  9:35  Probe x2  
  38  9:38  Zealot x2  
  42  9:44  Void Ray  
  48  9:46  Oracle  
  51  9:53  Immortal  
  51  9:57  Observer  
  56  10:05  Probe x2  
  58  10:25  Gateway  
  58  10:26  Protoss Air Weapons Level 1  
  58  10:29  Shield Battery  
  58  10:32  Pylon  
  58  10:36  Pylon  
  58  10:39  Oracle  
  58  10:42  Pylon  
  61  10:43  Oracle  
  64  10:51  Zealot  
  64  10:52  Zealot  
  68  11:18  Immortal  
  72  11:19  Immortal  
  67  12:08  Phoenix  
  67  12:09  Phoenix  
  67  12:11  Immortal  
  67  12:12  Immortal  
  79  12:17  Stalker x3  
  79  12:18  Stalker  
  87  12:36  Probe x2  
  89  12:38  Nexus  
  89  12:40  Protoss Ground Armor Level 1  
  89  12:49  Probe x2  
  91  12:54  Phoenix x2  
  95  13:06  Probe x2  
  97  13:18  Probe x2  
  97  13:19  Phoenix x2  
  103  13:30  Probe x2  
  105  13:38  Zealot  
  105  13:40  Zealot  
  109  13:44  Phoenix x2, Zealot  
  109  13:47  Zealot  
  117  14:02  Fleet Beacon  
  117  14:06  Robotics Bay  
  117  14:10  Probe x3  
  120  14:21  Assimilator  
  120  14:22  Probe x3, Phoenix  
  120  14:23  Assimilator  
  125  14:27  Phoenix  
  127  14:36  Zealot x3  
  133  14:46  Probe x2  
  133  14:47  Probe  
  136  15:31  Nexus  
  136  15:52  Assimilator  
  116  16:21  Anion Pulse-Crystals  
  116  16:23  Extended Thermal Lance  
  116  16:26  Phoenix x2  
  120  16:33  Colossus x2  
  120  16:37  Stalker x2  
  136  16:40  Stalker  
  136  16:41  Stalker  
  140  16:47  Protoss Air Weapons Level 2  
  140  17:15  Protoss Ground Armor Level 2  
  140  17:18  Blink  
  140  17:19  Phoenix x2  
  144  17:26  Colossus  
  144  17:27  Colossus  
  156  17:35  Assimilator, Zealot x3  
  156  17:36  Zealot  
  164  17:46  Pylon  
  164  17:48  Pylon  
  164  17:50  Pylon  
  164  17:51  Pylon  
  164  17:54  Pylon  
  164  17:58  Pylon  
  164  17:59  Pylon  
  164  18:01  Pylon  
  164  18:06  Gateway, Pylon  
  164  18:08  Gateway  
  164  18:11  Pylon  
  164  18:12  Gateway  
  164  18:13  Gateway  
  164  18:15  Gateway  
  164  18:17  Phoenix x2  
  164  18:18  Gateway  
  168  18:20  Gateway, Unknown  
  168  18:22  Gateway  
  168  18:42  Carrier  
  168  18:44  Phoenix  
  176  19:09  Carrier  
  182  19:11  Zealot  
  182  19:12  Zealot x4  
  182  19:13  Zealot x3  
  198  19:17  Zealot  
Tags
 
Add a new tag
Caveats
  • Supply blocks, unpowered buildings, or Contaminate may cause inaccurate times.
  • Supply counts are checked every 10 seconds.